Map: Overgrowth LE (Void)

Players

Snow

  • Race: Protoss Protoss
  • League: Diamond
  • Spawn Location: 7:00

Fropez - Winner!

  • Race: Protoss Protoss
  • League: Gold
  • Spawn Location: 1:00

VOD

Have the link to the VOD?

Description

Time

  • Played on: Dec. 6, 2016, 12:30 p.m.
  • Length: 15:28
Show
View Real Time Build Order
Export as new Build Order

Snow Protoss 

Build Orders: Oracle Opening 

Get SALT Encoding   

  12  0:01  Probe (Chrono Boost)  
  13  0:11  Probe (Chrono Boost)  
  14  0:22  Pylon, Probe (Chrono Boost)  
  15  0:41  Probe (Chrono Boost), Gateway  
  16  0:51  Probe (Chrono Boost)  
  17  0:58  Gateway  
  17  1:01  Assimilator  
  17  1:02  Probe (Chrono Boost)  
  18  1:12  Probe (Chrono Boost)  
  19  1:29  Cybernetics Core  
  19  1:31  Probe (Chrono Boost)  
  20  1:53  Probe (Chrono Boost)  
  20  2:05  Warp Gate (Chrono Boost)  
  20  2:08  Probe  
  20  2:11  Adept  
  23  2:22  Assimilator  
  23  2:28  Pylon  
  23  2:31  Pylon  
  23  2:46  Adept, Probe  
  26  2:58  Probe  
  27  3:02  Stargate  
  27  3:05  Gateway  
  27  3:06  Gateway  
  27  3:09  Forge  
  27  3:14  Gateway  
  27  3:28  Probe (Chrono Boost)  
  27  3:33  Pylon  
  28  3:35  Pylon  
  28  3:42  Stargate  
  28  3:46  Oracle (Chrono Boost)  
  31  3:55  Protoss Ground Weapons Level 1 (Chrono Boost)  
  31  4:12  Nexus  
  31  4:15  Pylon  
  31  4:16  Pylon  
  31  4:23  Void Ray (Chrono Boost)  
  35  4:35  Probe  
  36  5:07  Probe  
  36  5:10  Adept x5  
  47  5:19  Probe  
  48  5:22  Probe  
  49  5:31  Probe  
  49  5:33  Probe  
  51  5:45  Probe  
  51  5:47  Probe  
  51  5:49  Adept x2  
  57  5:50  Adept  
  59  6:24  Probe  
  57  6:26  Probe  
  57  6:32  Stalker x2  
  63  6:34  Stalker  
  63  6:35  Probe, Stalker  
  63  6:36  Stalker  
  63  6:38  Probe  
  75  6:54  Probe  
  75  6:55  Probe  
  73  7:04  Probe  
  73  7:06  Pylon  
  73  7:07  Probe  
  67  7:11  Photon Cannon  
  64  7:26  Probe  
  64  7:27  Probe  
  62  7:37  Photon Cannon  
  62  7:38  Probe  
  62  7:40  Probe  
  62  7:41  Photon Cannon  
  64  7:54  Photon Cannon  
  56  8:12  Stalker x5  
  62  8:18  Probe, Assimilator  
  63  8:20  Probe  
  63  8:21  Assimilator  
  64  8:39  Void Ray (Chrono Boost)  
  64  8:48  Probe  
  64  8:49  Probe  
  66  8:57  Pylon  
  66  8:59  Photon Cannon  
  66  9:15  Twilight Council  
  66  9:17  Void Ray (Chrono Boost)  
  70  9:20  Fleet Beacon  
  70  9:27  Probe  
  70  9:29  Probe  
  72  9:38  Pylon  
  72  9:40  Pylon  
  72  9:45  Stalker  
  72  9:46  Stalker x3  
  72  9:47  Zealot  
  82  9:54  Void Ray (Chrono Boost), Resonating Glaives  
  86  10:24  Stalker x2  
  86  10:25  Stalker x3  
  86  10:27  Protoss Ground Weapons Level 2 (Chrono Boost)  
  96  10:45  Stargate  
  95  11:15  Robotics Facility  
  101  11:26  Probe  
  101  11:27  Probe  
  103  11:46  Probe  
  110  11:58  Pylon  
  110  12:00  Pylon  
  110  12:02  Pylon  
  110  12:04  Pylon  
  110  12:16  Probe  
  110  12:17  Observer (Chrono Boost)  
  112  12:28  Protoss Shields Level 1  
  112  12:30  Carrier  
  112  12:51  Carrier (Chrono Boost)  
  102  13:02  Stalker x4  
  102  13:03  Stalker  
  77  13:36  Pylon  
  77  13:39  Pylon, Probe  
  78  13:56  Carrier (Chrono Boost)  
  25  15:02  Pylon  
  25  15:04  Pylon  
  19  15:09  Nexus  
  19  15:12  Pylon  
  19  15:14  Pylon  
Show
View Real Time Build Order
Export as new Build Order

Fropez Protoss - Winner!

Build Orders: 1 Gate Expand, Blink Stalkers 

Get SALT Encoding   

  12  0:01  Probe (Chrono Boost)  
  13  0:15  Pylon  
  13  0:17  Probe (Chrono Boost)  
  14  0:27  Probe (Chrono Boost)  
  15  0:38  Probe (Chrono Boost), Gateway  
  16  0:48  Assimilator  
  16  0:49  Probe (Chrono Boost)  
  17  1:02  Probe (Chrono Boost)  
  18  1:13  Probe (Chrono Boost)  
  19  1:24  Nexus  
  19  1:28  Probe (Chrono Boost)  
  20  1:40  Pylon, Probe (Chrono Boost)  
  21  1:48  Assimilator  
  21  1:53  Cybernetics Core  
  21  2:00  Pylon  
  21  2:05  Probe (Chrono Boost)  
  22  2:12  Gateway  
  22  2:16  Probe (Chrono Boost)  
  22  2:29  Twilight Council  
  22  2:52  Mothership Core (Chrono Boost)  
  22  2:57  Probe (Chrono Boost)  
  25  3:03  Warp Gate (Chrono Boost)  
  25  3:10  Blink  
  25  3:28  Probe x2  
  27  3:34  Stalker  
  27  3:38  Assimilator  
  27  3:40  Probe  
  30  3:42  Assimilator  
  30  3:45  Probe  
  31  3:49  Pylon  
  31  3:52  Probe  
  31  3:54  Stalker  
  34  3:59  Pylon, Probe  
  35  4:05  Probe  
  35  4:06  Pylon  
  36  4:11  Probe  
  36  4:13  Pylon  
  38  4:17  Probe  
  38  4:18  Stalker  
  38  4:23  Probe  
  41  4:29  Probe  
  42  4:32  Robotics Facility  
  38  5:00  Probe x2  
  40  5:12  Probe x2, Stalker x2  
  46  5:23  Warp Prism  
  46  5:24  Probe  
  49  5:33  Probe  
  49  5:35  Dark Shrine  
  48  5:45  Pylon  
  48  5:46  Sentry x2  
  48  5:47  Pylon  
  52  6:18  Pylon  
  52  6:24  Stalker x2  
  56  6:28  Probe  
  56  6:29  Probe  
  58  6:37  Observer, Gateway  
  58  6:38  Gateway  
  59  6:50  Dark Templar x2  
  61  7:28  Dark Templar  
  59  7:36  Probe x2  
  61  7:45  Immortal  
  65  7:54  Dark Templar x3  
  65  8:09  Stalker  
  65  8:37  Stalker x4  
  73  9:23  Stalker x4  
  73  9:24  Nexus  
  81  9:25  Observer  
  81  9:27  Assimilator  
  82  9:32  Assimilator  
  82  9:35  Gateway  
  82  9:36  Pylon, Probe x2, Gateway  
  84  9:38  Gateway  
  84  9:40  Pylon  
  84  9:41  Forge, Gateway  
  84  9:45  Pylon  
  84  9:47  Immortal  
  84  9:48  Probe  
  84  9:49  Pylon  
  84  9:51  Pylon  
  89  10:12  Stalker x2  
  89  10:13  Stalker x2  
  97  10:16  Protoss Ground Weapons Level 1 (Chrono Boost)  
  91  10:23  Probe x2  
  93  10:36  Immortal  
  93  10:41  Sentry x3  
  93  10:42  Sentry  
  105  10:56  Stalker x3  
  105  10:57  Stalker  
  113  11:10  Stalker x3  
  113  11:11  Stalker  
  121  11:13  Nexus  
  121  11:23  Dark Templar x2  
  121  11:24  Dark Templar x2  
  129  11:31  Probe x2  
  131  11:39  Probe  
  131  11:43  Probe x2  
  131  11:46  Pylon  
  134  11:58  Protoss Ground Armor Level 1 (Chrono Boost)  
  93  13:22  Stalker x7  
  93  13:23  Probe x2, Stalker  
  93  13:24  Probe x2  
  103  13:31  Gateway  
  103  13:32  Gateway  
  103  13:36  Gateway  
  95  13:42  Gateway x2  
  95  13:45  Pylon  
  95  13:50  Assimilator  
  95  13:52  Stalker x3  
  95  13:53  Stalker x5  
  95  13:54  Assimilator  
  95  13:55  Observer  
  112  14:04  Probe x2  
  112  14:05  Probe x2  
  116  14:11  Pylon  
  100  14:23  Stalker x6  
  100  14:24  Stalker  
  81  14:47  Stalker x6  
  91  15:11  Stalker x4  
  91  15:12  Stalker x2  
Tags
 
Add a new tag
Caveats
  • Supply blocks, unpowered buildings, or Contaminate may cause inaccurate times.
  • Supply counts are checked every 10 seconds.